 Dungeon Crawl Stone Soup version 0.27.1-16-g815e20cd7a (console) character file.

Game seed: 17603532549681575752

192 toffzen the Skirmisher (level 5, 0/46 HPs)
             Began as a Minotaur Brigand on Nov 23, 2021.
             Succumbed to a kobold's poison
             ... on level 3 of the Dungeon.
             The game lasted 00:06:12 (3191 turns).

toffzen the Skirmisher (Minotaur Brigand)           Turns: 3191, Time: 00:06:13

Health: 0/46       AC:  0    Str: 17    XL:     5   Next: 42%
Magic:  13/13      EV: 10    Int:  8    God:
Gold:   120        SH:  0    Dex: 11    Spells: 4/4 levels left

rFire    . . .     SeeInvis .   a - +0 hand axe
rCold    . . .     Faith    .   (no shield)
rNeg     . . .     Spirit   .   o - +0 scale mail
rPois    .         Reflect  .   (helmet restricted)
rElec    .         Harm     .   c - +0 cloak
rCorr    .         Rampage  .   (no gloves)
Will     .....                  (no boots)
Stlth    +.........             m - amulet of magic regeneration
HPRegen  0.15/turn              j - ring of magical power
MPRegen  0.38/turn              (no ring)

@: lethally poisoned (0 -> -4), corroded, flying
A: horns 2, retaliatory headbutt
a: no special abilities


You were on level 3 of the Dungeon.
You visited 1 branch of the dungeon, and saw 3 of its levels.

You collected 120 gold pieces.

Inventory:

Hand Weapons
 a - a +0 hand axe (weapon)
 k - a +2 dagger
 l - a +2 dagger of flaming
Missiles
 e - 2 curare-tipped darts (quivered)
 h - 89 stones
Armour
 c - a +0 cloak (worn)
 o - a +0 scale mail (worn)
Jewellery
 j - a ring of magical power (left hand)
 m - an amulet of magic regeneration (around neck)
Scrolls
 d - a scroll of noise {unknown}
 f - a scroll of teleportation {unknown}
Potions
 i - 2 potions of brilliance
 n - a potion of might {unknown}


   Skills:
 + Level 3.9 Fighting
 - Level 2.1 Short Blades
 * Level 3.1 Axes
 - Level 2.0 Throwing
 + Level 2.8 Armour
 + Level 3.0 Dodging
 - Level 3.2 Stealth


You had 4 spell levels left.
You didn't know any spells.
Your spell library contained the following spells:

 Spells                   Type           Power      Damage    Failure   Level
 Beastly Appendage        Tmut           0%         N/A       82%         1
 Magic Dart               Conj           0%         1d3       82%         1
 Call Imp                 Summ           0%         N/A       91%         2
 Wereblood                Tmut           0%         N/A       91%         2
 Inner Flame              Hex/Fire       0%         N/A       99%         3
 Mephitic Cloud           Conj/Pois/Air  0%         N/A       99%         3
 Spider Form              Tmut/Pois      0%         N/A       99%         3
 Cause Fear               Hex            0%         N/A       100%        4
 Discord                  Hex            0%         N/A       100%        8


Dungeon Overview and Level Annotations

Branches:
Dungeon (3/15)

Altars:
Elyvilon

Shops:
D:1 *

Annotations:
D:2 Sigmund


Innate Abilities, Weirdness & Mutations

You have a pair of horns on your head.
You reflexively headbutt those who attack you in melee.


Message History

You barely miss the goblin. The goblin hits you with a +0 club.
You hit the goblin.
You kill the goblin!
You slash the jelly!
Your hands burn!
The jelly is heavily wounded.
The jelly hits you but does no damage. The jelly misses you.
You hit the jelly.
Your hands burn!
The jelly is severely wounded.
The jelly hits you. The acid corrodes you!
You are splashed with acid!
You hit the jelly but do no damage.
Your hands burn!
The jelly is severely wounded.
The jelly closely misses you.
You hit the jelly but do no damage. The acid corrodes you!
Your hands burn!
You headbutt the jelly.
The jelly is almost dead.
The jelly hits you.
You are splashed with acid!
* * * LOW HITPOINT WARNING * * *
You hit the jelly but do no damage.
Your hands burn!
* * * LOW HITPOINT WARNING * * *
You headbutt the jelly.
You kill the jelly!
Your Axes skill increases to level 3!
Your Dodging skill increases to level 3!
A ball python comes into view.
As you read the scroll labelled TOIPSU SANAWK, it crumbles to dust.
It is a scroll of identify.
i - 2 potions of brilliance The ball python hisses angrily.
You hear a shout!
You hear an angry hiss.
The kobold hits you with a +0 dagger.
* * * LOW HITPOINT WARNING * * *
A ball python comes into view.
The kobold throws a poisoned dart.
The poisoned dart closely misses you.
The kobold throws a poisoned dart.
The poisoned dart hits you!
You are lethally poisoned!
* * * LOW HITPOINT WARNING * * *
You feel sick.
It was a potion of flight.
You feel very buoyant.
You fly up into the air.
You die...

.......).......# # #.#
#####...#....###. .###.#
...........#.##..g ...##.#
.#####.......#..J..#####..w..#.##
...# #..|...<# #....wS...# #...
.#####.......# #)# #...
.#...........## #.# ##..^
'#'####.#.##..#######.#######....
....# #.........@..KS..........(.
....# ###.###...###.S.#..###.#...
....# #.###...# ###...## #.#...
....# #....#..# ##### #.#...
....# ####.#..# #.#... ....#
#.#..# #.#... ....# #.#..# #.#...
....# #.#.># #.#... ....# #.#.##
#.#...


You could see 2 ball pythons and a kobold.

Vanquished Creatures
  A phantom (D:2)
  A jelly (D:3)
  2 adders
  An ufetubus (D:3)
  A worm (D:2)
  3 ball pythons
  9 bats
  9 endoplasms
  2 giant cockroaches
  6 goblins
  5 hobgoblins
  A quokka (D:1)
  9 frilled lizards
  4 kobolds (D:2)
  5 rats
59 creatures vanquished.

Notes
Turn   | Place    | Note
-------+----------+-------------------------------------------
     0 | D:1      | toffzen the Minotaur Brigand began the quest for the Orb.
     0 | D:1      | Reached XP level 1. HP: 18/18 MP: 0/0
   114 | D:1      | Reached skill level 1 in Armour
   117 | D:1      | Reached XP level 2. HP: 25/25 MP: 1/1
   288 | D:1      | Found Fiola's Assorted Antiques.
   830 | D:1      | Reached XP level 3. HP: 31/31 MP: 2/2
  1251 | D:2      | Found a faded altar of an unknown god.
  1540 | D:2      | Noticed a phantom
  1564 | D:2      | Killed a phantom
  1565 | D:2      | Reached XP level 4. HP: 18/40 MP: 3/3
  1831 | D:2      | Found a white marble altar of Elyvilon.
  2028 | D:2      | Noticed Sigmund
  2466 | D:3      | Reached XP level 5. HP: 46/46 MP: 4/4
  3185 | D:3      | HP: 2/46 [kobold (3)]
  3190 | D:3      | HP: 1/46 [poisoned by a kobold]
  3191 | D:3      | Succumbed to a kobold's poison

Illustrated notes

Levels and vault maps discovered:
D:1:      scummos_arrival_star, layout_loops_ring, serial_shops,
          nicolae_square_shop, kennysheep_minor_cross
D:2:      layout_loops_cross, shapermc_ecumenical_altar_totnotflames,
          basic_altar, uniq_sigmund, uniq_terence
D:3:      minmay_octagon_keep, layout_basic

Skill      XL: |  1  2  3  4  5 |
---------------+----------------+-----
Armour         | 1 2 |  2.8
Fighting       | 3 |  3.9
Dodging        | 2 3 |  3.0
Axes           | 2 3 |  3.1
Short Blades   | |  2.1
Throwing       | |  2.0
Stealth        | |  3.2

Action                   |  1- 3 |  4- 6 || total
-------------------------+-------+-------++-------
Melee: Dagger            |    60 |       ||    60
       Headbutt          |     8 |    10 ||    18
       Hand axe          |    22 |    55 ||    77
Throw: Dart              |       |     8 ||     8
  Use: Scroll            |     1 |     1 ||     2
       Potion            |       |     1 ||     1
 Stab: Sleeping          |     4 |     1 ||     5
       Distracted        |     1 |       ||     1
Armor: Robe              |    15 |     1 ||    16
       Scale mail        |       |    26 ||    26
Dodge: Dodged            |    57 |    38 ||    95
